 Dungeon Crawl Stone Soup version 0.29.1-13-g9f3cf754e1 (webtiles) character file.

Game seed: 10590082381445165297

1369 NACHOASD the Cudgeller (level 8, -2/70 HPs)
             Began as a Minotaur Fighter on Feb 7, 2023.
             Was an Initiate of Ru.
             Slain by a gnoll
             ... wielding a +0 spear
              (3 damage)
             ... on level 5 of the Dungeon.
             The game lasted 00:19:45 (4382 turns).

NACHOASD the Cudgeller (Minotaur Fighter)           Turns: 4382, Time: 00:19:45

Health: -2/70      AC: 10    Str: 23    XL:     8   Next: 38%
Magic:  7/7        EV: 14    Int:  5    God:    Ru [......]
Gold:   310        SH:  5    Dex: 16    Spells: 7/7 levels left

rFire   . . .      SeeInvis .   f - +1 flail (drain)
rCold   . . .      Faith    .   c - +0 buckler
rNeg    . . .      Spirit   .   b - +0 scale mail
rPois   +          Reflect  .   (helmet restricted)
rElec   .          Harm     .   p - +1 cloak {rPois}
rCorr   .          Rampage  .   (no gloves)
Will    .....                   (no boots)
Stlth   +.........              (no amulet)
HPRegen 0.21/turn               m - +6 ring of dexterity
MPRegen 0.10/turn               u - +4 ring of evasion

@: mighty, brilliant
A: horns 2, retaliatory headbutt
a: Renounce Religion, Sacrifice Durability, Sacrifice Courage, Sacrifice
Resistance, Reject Sacrifices


You were on level 5 of the Dungeon.
You worshipped Ru.
Ru was noncommittal.
You visited 2 branches of the dungeon, and saw 6 of its levels.

You collected 310 gold pieces.

Inventory:

Hand Weapons
 a - a +0 long sword
 f - a +1 flail of draining (weapon)
 g - a +2 spear of venom
 o - a +3 quarterstaff of chaos
Armour
 b - a +0 scale mail (worn)
 c - a +0 buckler (worn)
 p - a +1 cloak of poison resistance (worn)
Jewellery
 m - a +6 ring of dexterity (left hand)
 u - a +4 ring of evasion (right hand)
Wands
 l - a wand of flame (10)
 n - a wand of mindburst (8)
 q - a wand of roots (20)
Scrolls
 e - 4 scrolls of identify
 i - 3 scrolls of teleportation
 k - a scroll of butterflies {unknown}
 s - a scroll of vulnerability {unknown}
 w - a scroll of enchant armour
Potions
 h - a potion of berserk rage {unknown}
 j - a potion of brilliance
 r - a potion of lignification {unknown}
 t - 4 potions of flight {unknown}
 v - a potion of attraction {unknown}


   Skills:
 + Level 6.1 Fighting
 + Level 2.9 Long Blades
 + Level 7.5 Maces & Flails
 + Level 6.9 Armour
 + Level 2.2 Dodging
 + Level 1.4 Stealth
 + Level 5.1 Shields
 + Level 1.2 Evocations


You had 7 spell levels left.
You didn't know any spells.
Your spell library contained the following spells:

 Spells                   Type           Power      Damage    Failure   Level
 Summon Small Mammal      Summ           0%         N/A       85%         1
 Call Canine Familiar     Summ           0%         N/A       99%         3
 Conjure Flame            Conj/Fire      0%         6-21      99%         3
 Ignite Poison            Fire/Tmut/Pois 0%         N/A       99%         3
 Summon Guardian Golem    Hex/Summ       0%         N/A       99%         3
 Hailstorm                Conj/Ice       0%         3d3       100%        4
 Ice Form                 Ice/Tmut       0%         N/A       100%        4
 Sticky Flame             Conj/Fire      0%         2d3       100%        4
 Simulacrum               Ice/Necr       0%         N/A       100%        6


Dungeon Overview and Level Annotations

Branches:
Dungeon (5/15)             Temple (1/1) D:4

Altars:
Cheibriados
Dithmenos
Elyvilon
Fedhas
Gozag
Hepliaklqana
Kikubaaqudgha
Makhleb
Nemelex Xobeh
Okawaru
Qazlal
Ru
Sif Muna
Trog
Uskayaw
Vehumet
Xom
Yredelemnul
Zin
The Shining One

Shops:
D:4 (


Innate Abilities, Weirdness & Mutations

You have a pair of horns on your head.
You reflexively headbutt those who attack you in melee.


Message History

You thump the gnoll! You drain the gnoll.
You kill the gnoll!
Something hits you. The gnoll barely misses you. You block the gnoll's attack.
Something hits you but does no damage. Something hits you.
The gnoll closely misses you. You block something's attack.
The gnoll hits you with a +0 spear. You block the gnoll's attack.
Something hits you but does no damage.
You see here a +0 club.
You sock the gnoll! Your headbutt misses the gnoll.
The gnoll is almost dead.
Something hits you but does no damage. You block the gnoll's attack.
The gnoll hits you but does no damage. Something hits you but does no damage.
Something hits you. The gnoll closely misses you. You block the gnoll's attack.
Something barely misses you. Something hits you.
Something hits you but does no damage.
You hit something but do no damage. You headbutt something!
Something hits you but does no damage.
The gnoll hits you from afar with a +2 vorpal spear.
You feel very mighty all of a sudden. Something barely misses you.
The gnoll barely misses you.
You feel clever all of a sudden. Something barely misses you.
Something hits you but does no damage.
The gnoll hits you from afar with a +2 vorpal spear.
* * * LOW HITPOINT WARNING * * *
x2 You closely miss something.
Your headbutt misses something. Something barely misses you.
The gnoll barely misses you.
You thump something! Something hits you but does no damage.
The gnoll hits you from afar with a +2 vorpal spear.
* * * LOW HITPOINT WARNING * * *
x2 You thump something!
Reactivating autopickup.
You feel a bit more experienced.
The gnoll hits you from afar with a +2 vorpal spear.
* * * LOW HITPOINT WARNING * * *
x2 Your Fighting skill increases to level 6!
Your Shields skill increases to level 5!
The gnoll hits you with a +2 vorpal spear!
* * * LOW HITPOINT WARNING * * *
x2 The gnoll hits you from afar with a +0 spear.
You die...

##.......##
##.....## ##...##
##'## #.# #.#
####### ##.########
.......##..........
......gg@....######
.......##...##
....... ##.##
....... ### .......
....... #######


You could see 2 gnolls.

Vanquished Creatures
  An unseen horror (D:5)
  Sigmund (D:2)
  An ice beast (D:5)
  An ogre (D:5)
  A phantom (D:4)
  A bullfrog (D:5)
  3 scorpions
  A hound (D:4)
  A jelly (D:4)
  Crazy Yiuf (D:2)
  2 iguanas
  Natasha (thrice) (D:3)
  2 orc wizards (D:3)
  Terence (D:2)
  5 gnolls
  5 adders
  An ufetubus (D:4)
  4 worms
  A dart slug (D:2)
  4 orcs
  4 endoplasms
  2 giant cockroaches
  8 goblins
  5 hobgoblins
  6 kobolds
  6 quokkas
  7 ball pythons
  4 bats
  2 frilled lizards
  3 rats (D:1)
  3 toadstools (D:2)
90 creatures vanquished.

Vanquished Creatures (others)
  8 fungi (D:2)
8 creatures vanquished.

Grand Total: 98 creatures vanquished

Notes
Turn   | Place    | Note
-------+----------+-------------------------------------------
     0 | D:1      | NACHOASD the Minotaur Fighter began the quest for the Orb.
     0 | D:1      | Reached XP level 1. HP: 19/19 MP: 0/0
   165 | D:1      | Found a faded altar of an unknown god.
   197 | D:1      | Reached XP level 2. HP: 8/27 MP: 1/1
   224 | D:1      | Prayed at the altar of an unknown god.
   224 | D:1      | Became a worshipper of Ru the Awakened
  1087 | D:2      | Reached XP level 3. HP: 33/33 MP: 2/2
  1254 | D:2      | Noticed Terence
  1265 | D:2      | Killed Terence
  1266 | D:2      | Reached skill level 1 in Maces & Flails
  1383 | D:2      | Reached XP level 4. HP: 40/40 MP: 3/3
  1495 | D:2      | Found a runed translucent door.
  1496 | D:2      | Noticed Crazy Yiuf
  1504 | D:2      | Killed Crazy Yiuf
  1505 | D:2      | Reached skill level 1 in Dodging
  1735 | D:2      | Noticed Sigmund
  1762 | D:2      | Killed Sigmund
  1763 | D:2      | Reached skill level 3 in Maces & Flails
  1763 | D:2      | Reached XP level 5. HP: 23/47 MP: 4/4
  2148 | D:3      | Noticed Natasha
  2152 | D:3      | Killed Natasha
  2153 | D:3      | Reached XP level 6. HP: 50/53 MP: 5/5
  2184 | D:3      | Reached skill level 5 in Armour
  2232 | D:3      | Found a glowing golden altar of the Shining One.
  2253 | D:3      | Noticed Natasha
  2262 | D:3      | Killed Natasha
  2263 | D:3      | Reached skill level 1 in Evocations
  2274 | D:3      | Reached skill level 4 in Maces & Flails
  2374 | D:3      | Found an opulent altar of Gozag.
  2607 | D:3      | Noticed Natasha
  2613 | D:3      | Killed Natasha
  3060 | D:4      | Reached skill level 5 in Fighting
  3064 | D:4      | Reached skill level 5 in Maces & Flails
  3064 | D:4      | Reached XP level 7. HP: 61/61 MP: 6/6
  3163 | D:4      | Reached skill level 1 in Stealth
  3314 | D:4      | Found a staircase to the Ecumenical Temple.
  3321 | Temple   | Entered the Ecumenical Temple
  3713 | D:4      | Found Qysmic's Weapon Shoppe.
  3915 | D:4      | Found an iron altar of Okawaru.
  4114 | D:5      | Entered Level 5 of the Dungeon
  4196 | D:5      | Reached skill level 6 in Maces & Flails
  4285 | D:5      | Reached skill level 7 in Maces & Flails
  4285 | D:5      | Reached XP level 8. HP: 61/70 MP: 7/7
  4381 | D:5      | Killed an unseen horror
  4382 | D:5      | Reached skill level 5 in Shields
  4382 | D:5      | HP: 2/70 [gnoll/+2 vorpal spear (9)]
  4382 | D:5      | Slain by a gnoll

Illustrated notes

Levels and vault maps discovered:
D:1:      reono_arrival_forest_river, layout_basic,
          dreamdust_ecumenical_altar_angels_and_demons, st_stairs_14,
          grunt_decor_mini_mirrors
D:2:      layout_basic, minivault_26, minmay_gold_behind_fungi, moated_statue,
          uniq_terence, uniq_crazy_yiuf_cottage, uniq_sigmund
D:3:      layout_loops_ring, mainiacjoe_overflow_tiny_flanked, tso_metal_star,
          uniq_natasha
D:4:      layout_loops_corners, kennysheep_okawaru_gauntlet,
          minmay_temple_entry_enclosed_plants, serial_shops, shop
D:5:      layout_loops_corners, minmay_pentangle
Temple:   sentei_temple_godly_chess

Skill      XL: |  1  2  3  4  5  6  7  8 |
---------------+-------------------------+-----
Armour         | 4 5 6 |  6.9
Shields        | 4 5 |  5.1
Fighting       | 4 5 6 |  6.1
Maces & Flails | 1 3 5 7 |  7.5
Dodging        | 1 2 |  2.2
Evocations     | 1 |  1.2
Stealth        | 1 |  1.4
Long Blades    | |  2.9

Action                   |  1- 3 |  4- 6 |  7- 9 || total
-------------------------+-------+-------+-------++-------
Melee: Long sword        |    38 |       |       ||    38
       Headbutt          |    20 |    15 |    13 ||    48
       Flail             |    58 |    70 |    63 ||   191
Evoke: Wand              |     5 |     1 |     2 ||     8
  Use: Scroll            |     2 |     2 |       ||     4
       Potion            |       |     2 |     2 ||     4
Armor: Scale mail        |    47 |    24 |    30 ||   101
Dodge: Dodged            |    30 |    33 |    43 ||   106
Block: Buckler           |    12 |    15 |    20 ||    47
